IL
OKLAHOMA CITY DODGERS @ LEHIGH VALLEY IRONPIGS
05/24/2048
 
TOP OF THE 1ST
Oklahoma City Dodgers batting - Pitching for Lehigh Valley IronPigs : RHP Jeff Dailey
Pitching: RHP Jeff Dailey
Batting: RHB Curt Earnest 0-0: Called Strike
0-1: Fly out, F8 (Flyball, 89D, EV 103.8 MPH)
Batting: RHB Theo Schepers 0-0: SINGLE (Groundball, 6D, EV 96.2 MPH)
Batting: LHB Jose Robles 0-0: Grounds into double play, 4-6-3 (Groundball, 4, EV 86.9 MPH)
Top of the 1st over - 0 runs, 1 hit, 0 errors, 0 left on base; Oklahoma City 0 - Lehigh Valley 0
BOTTOM OF THE 1ST
Lehigh Valley IronPigs batting - Pitching for Oklahoma City Dodgers : RHP Santiago Montero
Pitching: RHP Santiago Montero
Batting: LHB Theodore Conboy 0-0: Ball
1-0: Called Strike
1-1: Called Strike
1-2: Ball
2-2: Foul Ball, location: 2F
2-2: Ball
3-2: Foul Ball, location: 2F
3-2: Strikes out swinging
Batting: RHB Mark Schultz 0-0: Ball
1-0: Called Strike
1-1: Foul Ball, location: 2F
1-2: Strikes out looking
Batting: RHB Carlos Morejon 0-0: Swinging Strike
0-1: Ball
1-1: Foul Ball, location: 2F
1-2: Foul Ball, location: 2F
1-2: Fly out, F8 (Line Drive, 8RD, EV 99.4 MPH)
Bottom of the 1st over - 0 runs, 0 hits, 0 errors, 0 left on base; Oklahoma City 0 - Lehigh Valley 0
TOP OF THE 2ND
Oklahoma City Dodgers batting - Pitching for Lehigh Valley IronPigs : RHP Jeff Dailey
Batting: LHB Steve Pond 0-0: Fly out, F8 (Flyball, 8RXD, EV 91.2 MPH)
Batting: LHB Chris Fandino 0-0: Ball
1-0: Ground out 6-3 (Groundball, 6MS, EV 92.5 MPH)
Batting: RHB Jeremy Giesler 0-0: Ball
1-0: Ball
2-0: Ball
3-0: Called Strike
3-1: Fly out, F8 (Flyball, 8RM, EV 84.4 MPH)
Top of the 2nd over - 0 runs, 0 hits, 0 errors, 0 left on base; Oklahoma City 0 - Lehigh Valley 0
BOTTOM OF THE 2ND
Lehigh Valley IronPigs batting - Pitching for Oklahoma City Dodgers : RHP Santiago Montero
Batting: LHB Josh George 0-0: Ball
1-0: Called Strike
1-1: Called Strike
1-2: Strikes out swinging
Batting: RHB Victor Arroyo 0-0: Called Strike
0-1: Foul Ball, location: 2F
0-2: Ball
1-2: Foul Ball, location: 2F
1-2: Ball
2-2: Strikes out looking
Batting: LHB Jose Carlos 0-0: Foul Ball, location: 2F
0-1: Ball
1-1: Ball
2-1: SINGLE (Line Drive, 6D, EV 103.8 MPH)
Batting: SHB Marco de Leon 0-0: Called Strike
0-1: Called Strike
0-2: Foul Ball, location: 2F
0-2: Ball
1-2: Ball
2-2: Ground out 4-3 (Groundball, 13, EV 81.2 MPH)
Bottom of the 2nd over - 0 runs, 1 hit, 0 errors, 1 left on base; Oklahoma City 0 - Lehigh Valley 0
TOP OF THE 3RD
Oklahoma City Dodgers batting - Pitching for Lehigh Valley IronPigs : RHP Jeff Dailey
Batting: RHB T.J. Jordan 0-0: Foul Ball, location: 2F
0-1: Ball
1-1: Ball
2-1: Ground out 6-3 (Groundball, 6, EV 82.5 MPH)
Batting: LHB Darrell Ortega 0-0: Fly out, F7 (Flyball, 7S, EV 85.6 MPH)
Batting: RHB Carlos Talavera 0-0: Swinging Strike
0-1: Swinging Strike
0-2: Strikes out looking
Top of the 3rd over - 0 runs, 0 hits, 0 errors, 0 left on base; Oklahoma City 0 - Lehigh Valley 0
BOTTOM OF THE 3RD
Lehigh Valley IronPigs batting - Pitching for Oklahoma City Dodgers : RHP Santiago Montero
Batting: RHB Kyle Reilly 0-0: Ground out 6-3 (Groundball, 6, EV 93.1 MPH)
Batting: RHB Moritake Fukumoto 0-0: Ball
1-0: Foul Ball, location: 2F
1-1: Ball
2-1: Ball
3-1: Base on Balls
Batting: LHB Theodore Conboy 0-0: Called Strike
0-1: Ball
1-1: Called Strike
1-2: Ball
2-2: Foul Ball, location: 2F
2-2: Ball
3-2: Foul Ball, location: 2F
3-2: Foul Ball, location: 2F
3-2: Foul Ball, location: 2F
3-2: Base on Balls
Moritake Fukumoto to second
Batting: RHB Mark Schultz 0-0: Foul Ball, location: 2F
0-1: Foul Ball, location: 2F
0-2: Ball
1-2: Strikes out swinging
Batting: RHB Carlos Morejon 0-0: Called Strike
0-1: Ball
1-1: Ball
2-1: Fielders Choice at 2nd, 6-4 (Groundball, 6, EV 101.2 MPH)
Bottom of the 3rd over - 0 runs, 0 hits, 0 errors, 2 left on base; Oklahoma City 0 - Lehigh Valley 0
TOP OF THE 4TH
Oklahoma City Dodgers batting - Pitching for Lehigh Valley IronPigs : RHP Jeff Dailey
Batting: RHB Curt Earnest 0-0: Foul Ball, location: 2F
0-1: Ball
1-1: Ground out 5-3 (Groundball, 5, EV 104.4 MPH)
Batting: RHB Theo Schepers 0-0: Called Strike
0-1: Swinging Strike
0-2: Ball
1-2: Ball
2-2: Ball
3-2: Strikes out swinging
Batting: LHB Jose Robles 0-0: Foul Ball, location: 2F
0-1: Foul Ball, location: 2F
0-2: Ball
1-2: Strikes out swinging
Top of the 4th over - 0 runs, 0 hits, 0 errors, 0 left on base; Oklahoma City 0 - Lehigh Valley 0
BOTTOM OF THE 4TH
Lehigh Valley IronPigs batting - Pitching for Oklahoma City Dodgers : RHP Santiago Montero
Batting: LHB Josh George 0-0: Fly out, F6 (Popup, 4MD, EV 67.5 MPH)
Batting: RHB Victor Arroyo 0-0: Ball
1-0: Called Strike
1-1: Ball
2-1: Ball
3-1: Base on Balls
Batting: LHB Jose Carlos 0-0: Called Strike
0-1: Foul Ball, location: 2F
0-2: Ball
Wild Pitch!
Victor Arroyo to second
1-2: Foul Ball, location: 2F
1-2: Ground out U3 (Groundball, 3L, EV 83.8 MPH)
Victor Arroyo to third
Batting: SHB Marco de Leon 0-0: Ball
1-0: Ball
2-0: Ground out 4-3 (Groundball, 4, EV 88.1 MPH)
Bottom of the 4th over - 0 runs, 0 hits, 0 errors, 1 left on base; Oklahoma City 0 - Lehigh Valley 0
TOP OF THE 5TH
Oklahoma City Dodgers batting - Pitching for Lehigh Valley IronPigs : RHP Jeff Dailey
Batting: LHB Steve Pond 0-0: Foul Ball, location: 2F
0-1: Called Strike
0-2: Strikes out swinging
Batting: LHB Chris Fandino 0-0: Ball
1-0: Called Strike
1-1: Swinging Strike
1-2: Ball
2-2: Ball
3-2: Base on Balls
Batting: RHB Jeremy Giesler 0-0: Called Strike
0-1: Ball
1-1: Ball
2-1: Ball
3-1: Base on Balls
Chris Fandino to second
Batting: RHB T.J. Jordan 0-0: Fielders Choice at 2nd, 6-4 (Groundball, 6D, EV 105.0 MPH)
Chris Fandino to third
Batting: LHB Darrell Ortega 0-0: Ball
1-0: Called Strike
1-1: DOUBLE (Line Drive, 89D, EV 113.1 MPH)
Chris Fandino scores
T.J. Jordan to third
Runner from 3rd tries for Home, SAFE, no throw by RF
Batting: RHB Carlos Talavera 0-0: Ground out 5-3 (Groundball, 56S, EV 92.5 MPH)
Top of the 5th over - 2 runs, 1 hit, 0 errors, 1 left on base; Oklahoma City 2 - Lehigh Valley 0
BOTTOM OF THE 5TH
Lehigh Valley IronPigs batting - Pitching for Oklahoma City Dodgers : RHP Santiago Montero
Batting: RHB Kyle Reilly 0-0: Called Strike
0-1: Fly out, F9 (Line Drive, 89M, EV 111.2 MPH)
Batting: RHB Moritake Fukumoto 0-0: Ball
1-0: Called Strike
1-1: Called Strike
1-2: Strikes out looking
Batting: LHB Theodore Conboy 0-0: Foul Ball, location: 2F
0-1: Swinging Strike
0-2: Ball
1-2: Ball
2-2: Ball
3-2: Strikes out looking
Bottom of the 5th over - 0 runs, 0 hits, 0 errors, 0 left on base; Oklahoma City 2 - Lehigh Valley 0
TOP OF THE 6TH
Oklahoma City Dodgers batting - Pitching for Lehigh Valley IronPigs : RHP Jeff Dailey
Batting: RHB Curt Earnest 0-0: Called Strike
0-1: Ball
1-1: Ball
2-1: Ball
3-1: Called Strike
3-2: Fly out, F8 (Flyball, 78M, EV 73.1 MPH)
Batting: RHB Theo Schepers 0-0: Ball
1-0: Ball
2-0: Ball
3-0: Called Strike
3-1: Foul Ball, location: 2F
3-2: Foul Ball, location: 2F
3-2: Fly out, F8 (Flyball, 89M, EV 92.5 MPH)
Batting: LHB Jose Robles 0-0: Called Strike
0-1: Foul Ball, location: 2F
0-2: Ball
1-2: Fly out, F3 (Line Drive, 3L, EV 70.6 MPH)
Top of the 6th over - 0 runs, 0 hits, 0 errors, 0 left on base; Oklahoma City 2 - Lehigh Valley 0
BOTTOM OF THE 6TH
Lehigh Valley IronPigs batting - Pitching for Oklahoma City Dodgers : RHP Santiago Montero
Pitching: LHP Billy Kline
Batting: RHB Mark Schultz 0-0: Swinging Strike
0-1: Fly out, F4 (Popup, 34, EV 73.1 MPH)
Batting: RHB Carlos Morejon 0-0: Ball
1-0: Ground out 2-3 (Groundball, 2L, EV 70.6 MPH)
Batting: LHB Josh George 0-0: SINGLE (Line Drive, 89M, EV 108.8 MPH)
Batting: RHB Victor Arroyo 0-0: Foul Ball, location: 2F
0-1: Ball
1-1: Called Strike
1-2: Strikes out looking
Bottom of the 6th over - 0 runs, 1 hit, 0 errors, 1 left on base; Oklahoma City 2 - Lehigh Valley 0
TOP OF THE 7TH
Oklahoma City Dodgers batting - Pitching for Lehigh Valley IronPigs : RHP Jeff Dailey
Batting: LHB Steve Pond 0-0: Ball
1-0: Foul Ball, location: 2F
1-1: Ball
2-1: Ball
3-1: Fly out, F2 (Popup, 2RF, EV 89.4 MPH)
Batting: LHB Chris Fandino 0-0: Called Strike
0-1: Fly out, F2 (Popup, 25F, EV 88.8 MPH)
Batting: RHB Jeremy Giesler 0-0: Called Strike
0-1: Ball
1-1: Ball
2-1: SINGLE (Groundball, 3D, EV 100.6 MPH)
Batting: RHB T.J. Jordan 0-0: Called Strike
0-1: Fielders Choice at 2nd, 6-4 (Groundball, 56, EV 86.9 MPH)
Top of the 7th over - 0 runs, 1 hit, 0 errors, 1 left on base; Oklahoma City 2 - Lehigh Valley 0
BOTTOM OF THE 7TH
Lehigh Valley IronPigs batting - Pitching for Oklahoma City Dodgers : LHP Billy Kline
Batting: LHB Jose Carlos 0-0: Called Strike
0-1: Swinging Strike
0-2: Strikes out swinging
Batting: SHB Marco de Leon 0-0: Fly out, F5 (Line Drive, 5L, EV 70.0 MPH)
Batting: RHB Kyle Reilly 0-0: SINGLE (Line Drive, 6M, EV 95.6 MPH)
Batting: RHB Moritake Fukumoto 0-0: Ball
1-0: Called Strike
1-1: Called Strike
1-2: Ball
2-2: Fly out, F7 (Line Drive, 78M, EV 101.9 MPH)
Bottom of the 7th over - 0 runs, 1 hit, 0 errors, 1 left on base; Oklahoma City 2 - Lehigh Valley 0
TOP OF THE 8TH
Oklahoma City Dodgers batting - Pitching for Lehigh Valley IronPigs : RHP Jeff Dailey
Batting: LHB Darrell Ortega 0-0: SINGLE (Groundball, 34S, EV 66.2 MPH) (infield hit)
Batting: RHB Carlos Talavera 0-0: Ball
1-0: Fielders Choice at 2nd, 6-4 (Groundball, 6, EV 85.0 MPH)
Batting: RHB Curt Earnest 0-0: Called Strike
0-1: Ball
1-1: Fielders Choice at 2nd, 5-4 (Groundball, 56, EV 80.6 MPH)
Batting: RHB Theo Schepers 0-0: Ball
1-0: Called Strike
Curt Earnest steals 2nd base (no throw)
1-1: Ball
2-1: Ball
3-1: Foul Ball, location: 2F
3-2: Base on Balls
Batting: LHB Jose Robles 0-0: Foul Ball, location: 2F
0-1: Ball
1-1: Ball
2-1: Swinging Strike
2-2: Foul Ball, location: 2F
2-2: Foul Ball, location: 2F
2-2: Strikes out swinging
Top of the 8th over - 0 runs, 1 hit, 0 errors, 2 left on base; Oklahoma City 2 - Lehigh Valley 0
BOTTOM OF THE 8TH
Lehigh Valley IronPigs batting - Pitching for Oklahoma City Dodgers : LHP Billy Kline
Now at 1B: Robin More
Now at 3B: Chris Raymond
Now in LF: Darrell Ortega
Now in RF: Wing-kit Bu
Batting: LHB Theodore Conboy 0-0: Ball
1-0: Fly out, F8 (Line Drive, 8RD, EV 96.9 MPH)
Batting: RHB Mark Schultz 0-0: Swinging Strike
0-1: Foul Ball, location: 2F
0-2: Ground out 6-3 (Groundball, 56, EV 97.5 MPH)
Batting: RHB Carlos Morejon 0-0: Called Strike
0-1: Ball
1-1: Foul Ball, location: 2F
1-2: Ball
2-2: SINGLE (Line Drive, 78S, EV 96.9 MPH)
Batting: LHB Josh George 0-0: Called Strike
0-1: Swinging Strike
0-2: Foul Ball, location: 2F
0-2: Fly out, F7 (Flyball, 7D, EV 98.1 MPH)
Bottom of the 8th over - 0 runs, 1 hit, 0 errors, 1 left on base; Oklahoma City 2 - Lehigh Valley 0
TOP OF THE 9TH
Oklahoma City Dodgers batting - Pitching for Lehigh Valley IronPigs : RHP Jeff Dailey
Pitching: RHP Alex Florez
Batting: RHB Wing-kit Bu 0-0: Ground out 5-3 (Groundball, 15, EV 88.1 MPH)
Batting: LHB Chris Fandino 0-0: Ball
1-0: Foul Ball, location: 2F
1-1: Ball
2-1: Fly out, F8 (Flyball, 8LD, EV 96.9 MPH)
Batting: RHB Jeremy Giesler 0-0: Ball
1-0: Ball
2-0: Called Strike
2-1: Foul Ball, location: 2F
2-2: Foul Ball, location: 2F
2-2: Foul Ball, location: 2F
2-2: Foul Ball, location: 2F
2-2: Strikes out swinging
Top of the 9th over - 0 runs, 0 hits, 0 errors, 0 left on base; Oklahoma City 2 - Lehigh Valley 0
BOTTOM OF THE 9TH
Lehigh Valley IronPigs batting - Pitching for Oklahoma City Dodgers : LHP Billy Kline
Pitching: RHP Juan Hurtado
Batting: RHB Victor Arroyo 0-0: Ball
1-0: Foul Ball, location: 2F
1-1: Foul Ball, location: 2F
1-2: Foul Ball, location: 2F
1-2: Ball
2-2: Ball
3-2: Base on Balls
Batting: LHB Jose Carlos 0-0: Ball
1-0: Ball
2-0: Ball
3-0: Swinging Strike
3-1: Called Strike
3-2: Foul Ball, location: 2F
3-2: Grounds into double play, U3-6 (Groundball, 3L, EV 82.5 MPH)
Batting: SHB Marco de Leon 0-0: Ball
1-0: Ball
2-0: Ball
3-0: Called Strike
3-1: Base on Balls
Batting: RHB Kyle Reilly 0-0: Foul Ball, location: 2F
0-1: Foul Ball, location: 2F
0-2: Fly out, F8 (Flyball, 8LXD, EV 105.0 MPH)
Bottom of the 9th over - 0 runs, 0 hits, 0 errors, 1 left on base; Oklahoma City 2 - Lehigh Valley 0
Tuesday, March 28th , 2023 - OOTP Baseball 23.10 Build 110